 Dungeon Crawl Stone Soup version 0.28-a0-1567-g1695149f81 (webtiles) character file.

Game seed: 18246798505442544419

5595 comborobin the Brawler (level 10, -7/132 HPs)
             Began as a Troll Cinder Acolyte on Jan 20, 2022.
             Was a Follower of Ignis.
             Mangled by a shadow (22 damage)
             ... on level 9 of the Dungeon.
             The game lasted 00:04:28 (1830 turns).

comborobin the Brawler (Troll Cinder Acolyte)       Turns: 1830, Time: 00:04:29

Health: -7/132     AC: 32    Str: 24    XL:     10   Next: 45%
Magic:  10/10      EV:  1    Int: 10    God:    Ignis [*.....]
Gold:   152        SH:  0    Dex:  9    Spells: 11/11 levels left

rFire   + . .      SeeInvis .     - Unarmed
rCold   . . .      Faith    .   (no shield)
rNeg    + + .      Spirit   .   (armour currently unavailable)
rPois   +          Reflect  .   (helmet currently unavailable)
rElec   .          Harm     .   (cloak currently unavailable)
rCorr   .          Rampage  .   (gloves unavailable)
Will    .....      NoTele   +   (boots unavailable)
Stlth   +.........              (no amulet)
HPRegen 1.12/turn               f - ring of positive energy
MPRegen 0.12/turn               m - ring of positive energy

@: tree-form, fiery-armoured
A: stationary, stasis, torment immunity, boosted hp, large, unfitting armour,
(claws 3), regeneration 1, (shaggy fur 1), (tough skin 1)
a: Renounce Religion, Fiery Armour, Foxfire Swarm


You were on level 9 of the Dungeon.
You worshipped Ignis.
Ignis was aware of your devotion.
You were a tree.
You visited 1 branch of the dungeon, and saw 10 of its levels.

You collected 152 gold pieces.

Inventory:

Armour
 a - a +0 robe
 k - a +0 cloak (melded)
 q - +0 steam dragon scales (melded)
Jewellery
 f - a ring of positive energy (left branch)
 m - a ring of positive energy (right branch)
Wands
 d - a wand of paralysis (3)
 j - a wand of charming (2)
 n - a wand of acid (6)
Scrolls
 b - a scroll of immolation {unknown}
 g - a scroll of blinking {unknown}
 h - a scroll of brand weapon {unknown}
 l - a scroll of teleportation {unknown}
 o - 3 scrolls of identify {unknown}
 p - a scroll of fear {unknown}
 s - a scroll of noise {unknown}
 v - a scroll of fog {unknown}
Potions
 e - a potion of might {unknown}
 r - a potion of flight
 t - a potion of attraction {unknown}
 u - a potion of cancellation {unknown}
 w - a potion of heal wounds {unknown}


   Skills:
 - Level 2.4 Fighting
 + Level 15.6 Unarmed Combat
 - Level 1.0 Spellcasting
 - Level 2.1 Fire Magic


You had 11 spell levels left.
You didn't know any spells.
Your spell library contained the following spells:

 Spells                   Type           Power      Damage    Failure   Level
 Scorch                   Fire           8%         2d5       22%         2
 Blade Hands              Tmut           0%         N/A       100%        5
 Irradiate                Conj/Tmut      0%         3d14      100%        5
 Dragon Form              Tmut           0%         N/A       100%        7


Dungeon Overview and Level Annotations

Branches:
Dungeon (10/15)            Temple (0/1) D:7            Lair (0/6) D:8
    Orc: D:9-12

Altars:

Annotations:
D:10 Fannar


Innate Abilities, Weirdness & Mutations

You are a tree.
Your roots penetrate the ground, keeping you stationary.
You cannot be teleported.
You are immune to unholy pain and torment.
Your maximum health is greatly increased.
Your equipment is partially melded.
You are too large for most types of armour.
((You have claws for hands.))
Your natural rate of healing is unusually fast.
((You are covered in fur. (AC +1)))
((You have tough skin. (AC +1)))


Message History

The kobold is burned by your cloak of flames.
The kobold is severely wounded.
The kobold brigand hits you but does no damage.
The kobold brigand is burned by your cloak of flames.
The kobold brigand is heavily wounded.
Unknown command.
Unknown command.
You pummel the kobold!!
You kill the kobold!
The killer bee stings you but does no damage.
The killer bee is burned by your cloak of flames.
The killer bee is lightly wounded.
The centaur hits you but does no damage.
The centaur is burned by your cloak of flames.
The centaur is almost dead.
The centaur kicks you but does no damage.
The centaur is burned by your cloak of flames.
You kill the centaur!
The centaur wields a +0 shortbow.
The centaur shoots an arrow.
The arrow hits you.
* * * LOW HITPOINT WARNING * * *
The killer bee stings you but does no damage.
The killer bee is burned by your cloak of flames.
The killer bee is heavily wounded.
Unknown command.
Unknown command.
Unknown command.
You pummel the kobold!!
You kill the kobold!
The kobold brigand hits you with a +0 club.
* * * LOW HITPOINT WARNING * * *
The kobold brigand is burned by your cloak of flames.
The kobold brigand is severely wounded.
The killer bee stings you.
* * * LOW HITPOINT WARNING * * *
The killer bee is burned by your cloak of flames.
The killer bee is severely wounded.
The centaur shoots an arrow.
The arrow hits you but does no damage.
The shadow strikes at you from the darkness!
You die...

{# Y# 8# . # G#
..#. ## c# #
##...#.#)#.#...
......K)y......
......{♣#
.....K))#
#########


You could see a yak, a kobold brigand, a centaur, a floating eye, a killer bee
and a kobold.

Vanquished Creatures
  2 two-headed ogres
  Pikel (D:8)
  Maggie (D:8)
  A komodo dragon (D:8)
  A troll (D:10)
  Prince Ribbit (D:5)
  6 yaks (D:10)
  A wraith (D:10)
  2 ice beasts
  4 orc warriors
  A sky beast (D:6)
  A necrophage (D:4)
  6 centaurs
  A kobold brigand (D:6)
  A bullfrog (D:7)
  A water moccasin skeleton (D:7)
  5 wights (D:7)
  A howler monkey (D:9)
  A centaur zombie (D:8)
  2 orc priests (D:7)
  A centaur skeleton (D:7)
  An iguana (D:4)
  2 bullfrog skeletons
  5 orc wizards
  2 adders
  A white imp (D:6)
  An adder skeleton (D:4)
  A dart slug (D:4)
  17 orcs
  2 hobgoblins
  14 kobolds
  2 ball pythons (D:4)
89 creatures vanquished.

Vanquished Creatures (collateral kills)
  An orc wizard (D:9)
1 creature vanquished.

Vanquished Creatures (others)
  A troll (D:9)
  28 foxfires
  3 plants (D:8)
32 creatures vanquished.

Grand Total: 122 creatures vanquished

Notes
Turn   | Place    | Note
-------+----------+-------------------------------------------
     0 | D:1      | comborobin the Troll Cinder Acolyte began the quest for the
                  | Orb.
     0 | D:1      | Reached XP level 1. HP: 22/22 MP: 1/1
    36 | D:1      | You fall into a shaft and drop 1 floor!
    67 | D:4      | Reached skill level 4 in Unarmed Combat
    67 | D:4      | Reached XP level 2. HP: 10/29 MP: 2/2
    67 | D:4      | Reached XP level 3. HP: 13/36 MP: 3/3
   229 | D:4      | Noticed an orc warrior
   266 | D:4      | Killed an orc warrior
   267 | D:4      | Reached skill level 5 in Unarmed Combat
   267 | D:4      | Reached XP level 4. HP: 26/44 MP: 4/4
   267 | D:4      | Reached XP level 5. HP: 29/50 MP: 5/5
   281 | D:4      | Reached skill level 6 in Unarmed Combat
   347 | D:4      | Noticed a necrophage
   357 | D:4      | Killed a necrophage
   358 | D:4      | Reached XP level 6. HP: 56/59 MP: 6/6
   382 | D:5      | Entered Level 5 of the Dungeon
   382 | D:5      | Noticed Prince Ribbit
   390 | D:5      | Killed Prince Ribbit
   391 | D:5      | Reached skill level 8 in Unarmed Combat
   391 | D:5      | Reached XP level 7. HP: 48/66 MP: 7/7
   589 | D:7      | Reached skill level 9 in Unarmed Combat
   700 | D:7      | Reached XP level 8. HP: 56/74 MP: 8/8
   736 | D:7      | Found a staircase to the Ecumenical Temple.
   755 | D:7      | Reached skill level 10 in Unarmed Combat
   834 | D:8      | Noticed a two-headed ogre
   912 | D:8      | Found a staircase to the Lair.
   913 | D:8      | Noticed Maggie
   914 | D:8      | Noticed a komodo dragon
   923 | D:8      | Killed Maggie
   924 | D:8      | Reached skill level 11 in Unarmed Combat
   934 | D:8      | Killed a komodo dragon
   935 | D:8      | Reached skill level 12 in Unarmed Combat
  1086 | D:8      | Reached XP level 9. HP: 67/80 MP: 9/9
  1215 | D:8      | Noticed Pikel
  1223 | D:8      | Killed Pikel
  1224 | D:8      | Reached skill level 13 in Unarmed Combat
  1320 | D:9      | Noticed a two-headed ogre
  1328 | D:9      | Killed a two-headed ogre
  1329 | D:9      | Reached skill level 14 in Unarmed Combat
  1341 | D:10     | Entered Level 10 of the Dungeon
  1482 | D:10     | Noticed a troll
  1487 | D:10     | Killed a troll
  1505 | D:10     | Noticed a two-headed ogre
  1513 | D:10     | Killed a two-headed ogre
  1514 | D:10     | Reached XP level 10. HP: 21/88 MP: 10/10
  1595 | D:10     | Reached skill level 15 in Unarmed Combat
  1796 | D:10     | Noticed Fannar
  1819 | D:9      | HP: 1/88 [troll (6)]
  1830 | D:9      | Mangled by a shadow

Illustrated notes

Levels and vault maps discovered:
D:1:      arrival_zaba_pyramid, layout_rooms, item_on_display_a
D:2:      layout_loops_ring, serial_shops, shop, cheibrodos_gnoll_hut
D:3:      layout_rooms, minmay_bisected, uniq_terence, uniq_crazy_yiuf_cottage
D:4:      layout_loops_ring, zin_statuary, guppyfry_shop_venom
D:5:      layout_cave_pools, uniq_prince_ribbit1
D:6:      layout_gridville, serial_shops, nicolae_shop_statue_plus, uniq_sigmund
D:7:      layout_loops_cross, minmay_temple_entry_glass
D:8:      layout_basic, david_lair_shrubbed, st_stairs_14, uniq_joseph,
          uniq_maggie, uniq_pikel
D:9:      layout_gridville, onia_ninara_cookie
D:10:     layout_long_grid, minmay_statues_item, uniq_fannar, uniq_grum

Skill      XL: |  1  2  3  4  5  6  7  8  9 10 |
---------------+-------------------------------+-----
Unarmed Combat | 4 5 6 8 9 12 14 15 | 15.6
Fighting       | |  2.4
Spellcasting   | |  1.0
Fire Magic     | |  2.1

Action                   |  1- 3 |  4- 6 |  7- 9 | 10-12 || total
-------------------------+-------+-------+-------+-------++-------
Melee: Unarmed           |    35 |    15 |   130 |    41 ||   221
       Punch             |     1 |       |     3 |     3 ||     7
Invok: Fiery Armour      |     2 |     1 |     3 |     1 ||     7
       Foxfire Swarm     |     1 |     1 |     1 |       ||     3
       Rising Flame      |       |       |       |     1 ||     1
Evoke: Wand              |       |       |       |    12 ||    12
  Use: Potion            |       |       |       |     4 ||     4
Armor: Robe              |     8 |    10 |    30 |       ||    48
       Steam dragon scal |       |       |    17 |    14 ||    31
       Skin              |       |       |       |    24 ||    24
Dodge: Dodged            |    14 |    13 |    53 |    20 ||   100

Table legend: (Time is in decaauts)
 A = Elapsed time spent in this place.
 B = Non-inter-level travel time spent in this place.
 C = Inter-level travel time spent in this place.
 D = Time resting spent in this place.
 E = Time spent auto-exploring this place.
 F = Levels seen in this place.
 G = Mean time per level.
                   A        B        C        D        E       F      G
               +--------+--------+--------+--------+--------+-----+--------+
         Total |   1789 |   1757 |     32 |    263 |    927 |  10 |  178.9 |
       Dungeon |   1789 |   1757 |     32 |    263 |    927 |  10 |  178.9 |
               +--------+--------+--------+--------+--------+-----+--------+

Top non-repeatable levels by time:
    D:10: 466 daAuts
     D:8: 405 daAuts
     D:4: 328 daAuts
     D:7: 268 daAuts
     D:6: 126 daAuts
     D:9: 82 daAuts
     D:5: 64 daAuts
     D:1: 35 daAuts
     D:2: 6 daAuts
     D:3: 5 daAuts
